 Dungeon Crawl Stone Soup version 0.28.0-45-g0d030f2227 (webtiles) character file.

Game seed: 6890782215999269507

621 Kangaroobicon the Chopper (level 7, 0/57 HPs)
             Began as a Palentonga Fighter on Apr 24, 2022.
             Succumbed to a wight's poison
             ... on level 4 of the Dungeon.
             The game lasted 00:22:50 (2821 turns).

Kangaroobicon the Chopper (Palentonga Fighter)      Turns: 2821, Time: 00:22:51

Health: 0/57       AC: 14    Str: 26    XL:     7   Next: 22%
Magic:  7/7        EV:  7    Int:  8    God:
Gold:   175        SH:  4    Dex: 11    Spells: 6/6 levels left

rFire   . . .      SeeInvis +   a - +1 war axe
rCold   . . .      Faith    .   c - +0 buckler
rNeg    . . .      Spirit   .   b - +0 scale mail
rPois   .          Reflect  .   i - +0 helmet
rElec   .          Harm     .   (no cloak)
rCorr   .          Rampage  .   n - +1 pair of gloves
Will    .....                   (no barding)
Stlth   ..........              (no amulet)
HPRegen 0.19/turn               h - +6 ring of strength
MPRegen 0.10/turn               l - +4 ring of protection

@: lethally poisoned (0 -> -26)
A: large, rugged brown scales 3, see invisible, deformed body, roll 1, armoured
tail, reflexive curl
a: Rolling Charge


You were on level 4 of the Dungeon.
You visited 1 branch of the dungeon, and saw 4 of its levels.

You collected 175 gold pieces.

Inventory:

Hand Weapons
 a - a +1 war axe (weapon)
 v - a +4 dagger
Armour
 b - a +0 scale mail (worn)
 c - a +0 buckler (worn)
 i - a +0 helmet (worn)
 n - a +1 pair of gloves (worn)
Jewellery
 h - a +6 ring of strength (left hand)
 l - a +4 ring of protection (right hand)
Scrolls
 g - 6 scrolls of teleportation
 j - 2 scrolls of enchant weapon
 k - a scroll of fear
 o - a scroll of amnesia {unknown}
 q - a scroll of magic mapping {unknown}
 r - a scroll of blinking {unknown}
 t - a scroll of enchant armour {unknown}
 u - a scroll of holy word {unknown}
Potions
 d - 2 potions of might
 e - a potion of attraction {unknown}
 f - a potion of ambrosia {unknown}
 m - a potion of haste {unknown}
 p - a potion of heal wounds
 s - a potion of mutation {unknown}


   Skills:
 + Level 4.3 Fighting
 + Level 5.8 Axes
 + Level 3.7 Armour
 + Level 0.8 Dodging
 + Level 0.1 Stealth
 + Level 3.2 Shields


You had 6 spell levels left.
You didn't know any spells.
Your spell library contained the following spells:

 Spells                   Type           Power      Damage    Failure   Level
 Ignite Poison            Fire/Tmut/Pois 0%         N/A       98%         3
 Mephitic Cloud           Conj/Pois/Air  0%         N/A       98%         3
 Freezing Cloud           Conj/Ice/Air   0%         6-21      100%        5


Dungeon Overview and Level Annotations

Branches:
Dungeon (4/15)
 Temple: D:4-7

Altars:
Sif Muna
Yredelemnul

Shops:
D:2 (


Innate Abilities, Weirdness & Mutations

You are completely covered in rugged brown scales. (AC +3, +7% HP)
You have supernaturally acute eyesight. (SInv)
Armour fits poorly on your strangely shaped body.
You can roll at nearby foes to attack.
You have a long armoured tail.
You curl defensively after being hit. (AC +7*)


Message History

The wight barely misses you.
You closely miss the wight.
The wight is moderately damaged.
The wight hits you but does no damage. You block the wight's attack.
You hit the wight but do no damage.
Your tail-slap misses the wight.
The wight is moderately damaged.
The wight hits you with a +0 spear.
You feel drained.
You hit the wight but do no damage.
Your tail-slap misses the wight.
The wight is moderately damaged.
The wight hits you but does no damage.
You closely miss the wight.
The wight is moderately damaged.
The wight hits you with a +0 spear. You block the wight's attack.
You closely miss the wight. You tail-slap the wight!
The wight is severely damaged.
The wight hits you but does no damage.
You slash the wight!
You destroy the wight!
Your life force feels restored.
Things that are here:
a +0 spear; a +0 robe A wight comes into view.
It is wielding a +3 short sword of venom.
Found a basalt altar of Yredelemnul.
The wight hits you with a +3 short sword of venom.
You are poisoned.
You closely miss the wight.
You feel very sick.
The wight hits you with a +3 short sword of venom.
You hit the wight.
Your tail-slap misses the wight.
The wight is moderately damaged.
You feel very sick.
The wight hits you with a +3 short sword of venom.
* * * LOW HITPOINT WARNING * * *
You are lethally poisoned!
* * * LOW HITPOINT WARNING * * *
You feel very sick.
The wight hits you with a +3 short sword of venom.
* * * LOW HITPOINT WARNING * * *
You are more poisoned.
You die...

#'###....# ##### ###.###....#
....# #.'.'.#....# ....#
######.###....########
....#######..#.'.'.#...........##
...>+........###.###....######...
....##(##.#..#.')'.#......# #...
...†##.##.#..###.###....#.# #...
.............#.'@'.#....#.# ###'
###.##.##....###.###......######.
# #.##.##..###_'.z.###.....#.....
#########....###.#########.#.####
.......).##..# +.+ #.......#.####
.......#†....# ### #..........<..
.......#.....# ######.##...#.#.##
.......####.####..........##.#...
≈≈.....# #............#.##..#...


You could see a wight.

Vanquished Creatures
  2 necrophages (D:4)
  A phantom (D:4)
  A wight (D:4)
  A bullfrog zombie (D:4)
  A human zombie (D:4)
  A scorpion zombie (D:4)
  A hound zombie (D:4)
  A hound skeleton (D:4)
  A howler monkey zombie (D:4)
  8 gnolls (D:3)
  2 adders
  An adder zombie (D:4)
  3 worms
  2 dart slugs (D:1)
  2 orcs (D:3)
  6 bats
  5 endoplasms
  A giant cockroach (D:1)
  14 goblins
  17 hobgoblins
  2 jackals (D:3)
  4 kobolds
  3 quokkas
  7 ball pythons
  6 frilled lizards
  5 rats
98 creatures vanquished.

Vanquished Creatures (others)
  4 plants (D:1)
4 creatures vanquished.

Grand Total: 102 creatures vanquished

Notes
Turn   | Place    | Note
-------+----------+-------------------------------------------
     0 | D:1      | Kangaroobicon the Palentonga Fighter began the quest for
                  | the Orb.
     0 | D:1      | Reached XP level 1. HP: 19/19 MP: 1/1
   147 | D:1      | Reached XP level 2. HP: 25/25 MP: 2/2
   535 | D:1      | Found a faded altar of an unknown god.
   554 | D:1      | Reached XP level 3. HP: 25/31 MP: 3/3
  1066 | D:2      | Found Horulowai's Weapon Shop.
  1572 | D:3      | Reached skill level 3 in Axes
  1819 | D:3      | Reached XP level 4. HP: 32/37 MP: 2/4
  1961 | D:3      | Reached XP level 5. HP: 31/43 MP: 5/5
  2260 | D:4      | Found a shimmering blue altar of Sif Muna.
  2405 | D:4      | Reached skill level 4 in Axes
  2695 | D:4      | Noticed a phantom
  2700 | D:4      | Killed a phantom
  2701 | D:4      | Reached XP level 6. HP: 51/51 MP: 6/6
  2754 | D:4      | Reached skill level 5 in Axes
  2799 | D:4      | Gained mutation: You curl defensively after being hit. (AC
                  | +7*) [Palentonga growth]
  2799 | D:4      | Reached XP level 7. HP: 14/57 MP: 7/7
  2816 | D:4      | Found a basalt altar of Yredelemnul.
  2821 | D:4      | Succumbed to a wight's poison

Illustrated notes

Levels and vault maps discovered:
D:1:      tarquinn_simple_flora_water_b, layout_basic,
          nicolae_ecumenical_lake_church
D:2:      layout_basic, serial_shops, nicolae_shop_crystal,
          minmay_tiny_reverse_x
D:3:      layout_basic, minmay_diced_spiral
D:4:      layout_basic, lemuel_mausoleum_altar_yredelemnul, old_standard_altar,
          ebering_dispersal_statue_hall, minmay_goblin_outpost

Skill      XL: |  1  2  3  4  5  6 |
---------------+-------------------+-----
Axes           | 3 4 5 |  5.8
Armour         | 3 |  3.7
Shields        | 3 |  3.2
Fighting       | 4 |  4.3
Dodging        | |  0.8
Stealth        | |  0.1

Action                   |  1- 3 |  4- 6 |  7- 9 || total
-------------------------+-------+-------+-------++-------
Melee: War axe           |   116 |   118 |    14 ||   248
       Tailslap          |     7 |    16 |     2 ||    25
 Abil: Rolling Charge    |     3 |     3 |       ||     6
  Use: Scroll            |     1 |     2 |       ||     3
       Potion            |       |       |     1 ||     1
Armor: Scale mail        |    70 |    85 |     7 ||   162
Dodge: Dodged            |    51 |    46 |     4 ||   101
Block: Buckler           |    17 |    38 |     4 ||    59
